 Dungeon Crawl Stone Soup version 0.28.0-47-ge53b351184 (webtiles) character file.

Game seed: 6775645968158873691

301 101zpm the Magician (level 6, -2/41 HPs)
             Began as a Djinni Ice Elementalist on Apr 26, 2022.
             Slain by a gnoll
             ... wielding a +0 spear
              (3 damage)
             ... on level 3 of the Dungeon.
             The game lasted 00:06:05 (3892 turns).

101zpm the Magician (Djinni Ice Elementalist)       Turns: 3892, Time: 00:06:06

Health: -2/41      AC:  2    Str:  7    XL:     6   Next: 64%
Gold:   65         EV: 12    Int: 19    God:
                   SH:  0    Dex: 13

rFire   + + +      SeeInvis .   (no weapon)
rCold   x . .      Faith    .   (no shield)
rNeg    . . .      Spirit   .   a - +0 robe
rPois   ∞          Reflect  .   (no helmet)
rElec   .          Harm     .   (no cloak)
rCorr   .          Rampage  .   (no gloves)
Will    .....                   (boots unavailable)
Stlth   ++........              (no amulet)
HPRegen 0.13/turn               d - ring of protection from fire
MPRegen 0.00/turn               (no ring)

@: flying
A: sickness immunity, fire resistance 2, cold vulnerability 1, float, innate
caster, HP casting, extra vitality 1
a: no special abilities


You were on level 3 of the Dungeon.
You visited 1 branch of the dungeon, and saw 4 of its levels.

You collected 65 gold pieces.

Inventory:

Armour
 a - a +0 robe (worn)
Jewellery
 d - a ring of protection from fire (left hand)
 f - an amulet of regeneration
Scrolls
 b - 5 scrolls of identify {unknown}
 c - 2 scrolls of blinking {unknown}
 e - a scroll of teleportation {unknown}
 i - a scroll of fear {unknown}
Potions
 g - a potion of lignification {unknown}
 h - a potion of mutation {unknown}


   Skills:
 + Level 0.5 Fighting
 + Level 2.8 Dodging
 + Level 2.3 Stealth
 + Level 5.4 Spellcasting


You had one spell level left.
You knew the following spells:

 Your Spells              Type           Power      Damage    Failure   Level
a - Freeze                Ice            100%       1d11      1%          1
b - Frozen Ramparts       Ice            50%        1d7       3%          3
c - Ozocubu's Armour      Ice            25%        N/A       3%          3
d - Hailstorm             Conj/Ice       25%        3d7       13%         4
e - Apportation           Tloc           50%        N/A       1%          1
f - Searing Ray           Conj           50%        2d6       1%          2
Your spell library was empty.

Dungeon Overview and Level Annotations

Branches:
Dungeon (4/15)
 Temple: D:4-7

Altars:

Annotations:
D:4 Blork the orc


Innate Abilities, Weirdness & Mutations

You are immune to sickness and miasma.
You are immune to poison.
Your flesh is very heat resistant. (rF++)
You are vulnerable to cold. (rC-)
You float through the air rather than walking.
You learn spells naturally, not from books.
Your magical power is your life essence.
You have superior vitality. (+4 MHP)


Message History

A kobold comes into view. It is wielding a +0 club.
Found 6 javelins.
The kobold hits you but does no damage.
You are too injured to fight recklessly!
Aiming: Freeze (safe; 1% risk of failure)
Press: ? - help, Q - select action, (/) - cycle Shift-Dir - straight line, f - kobold
Aim: a kobold, wielding a +0 club and quivering stones You freeze the kobold.
The kobold is heavily wounded.
The kobold closely misses you.
Aiming: Freeze (safe; 1% risk of failure)
Press: ? - help, Q - select action, (/) - cycle Shift-Dir - straight line, f/p - kobold
Aim: a kobold, wielding a +0 club and quivering stones (heavily wounded)
You freeze the kobold!
You kill the kobold!
The gnoll hits you from afar with a +0 spear.
The gnoll hits you with a +0 spear!
* * * LOW HITPOINT WARNING * * *
Aiming: Freeze (safe; 1% risk of failure)
Press: ? - help, Q - select action, (/) - cycle Shift-Dir - straight line, f - gnoll
Aim: a gnoll, wielding a +0 spear You freeze the gnoll.
The gnoll is lightly wounded.
* * * LOW HITPOINT WARNING * * *
The gnoll hits you with a +0 spear.
* * * LOW HITPOINT WARNING * * *
Aiming: Freeze (safe; 1% risk of failure)
Press: ? - help, Q - select action, (/) - cycle Shift-Dir - straight line, f/p - gnoll
Aim: a gnoll, wielding a +0 spear (lightly wounded)
You freeze the gnoll.
The gnoll is moderately wounded.
* * * LOW HITPOINT WARNING * * *
The gnoll barely misses you.
Aiming: Freeze (safe; 1% risk of failure)
Press: ? - help, Q - select action, (/) - cycle Shift-Dir - straight line, f/p - gnoll
Aim: a gnoll, wielding a +0 spear (moderately wounded)
You freeze the gnoll.
The gnoll is severely wounded.
* * * LOW HITPOINT WARNING * * *
The gnoll hits you with a +0 spear.
You die...

#####
#########.... #
...(....).# #.
#..# #. #..# ##.#
####@.# ...
#..g..# ####
#.######[###......
....###.g.....#
#######
.....#.######.#
#..# #.# ##.# #.#
#.# #.. #g# #.#


You could see a gnoll.

Vanquished Creatures
  An ogre (D:4)
  A jelly (D:4)
  2 orc priests (D:4)
  An orc wizard (D:4)
  4 adders (D:2)
  2 dart slugs (D:1)
  2 orcs (D:4)
  2 bats (D:1)
  5 endoplasms
  2 giant cockroaches
  11 hobgoblins
  7 jackals
  5 kobolds
  3 quokkas
  4 ball pythons (D:1)
  4 goblins
  8 rats
64 creatures vanquished.

Notes
Turn   | Place    | Note
-------+----------+-------------------------------------------
     0 | D:1      | 101zpm the Djinni Ice Elementalist began the quest for the
                  | Orb.
     0 | D:1      | Reached XP level 1. HP: 15/15 MP: 0/0
     2 | D:1      | Noticed a spriggan
     2 | D:1      | Noticed a draconian
     4 | D:1      | Noticed an octopode
     4 | D:1      | Noticed an ogre
     6 | D:1      | Noticed a naga
     8 | D:1      | Noticed a vine stalker
    12 | D:1      | Noticed a formicid
    12 | D:1      | Noticed a tengu
    14 | D:1      | Noticed a merfolk
    16 | D:1      | Noticed an elf
    16 | D:1      | Noticed a dwarf
    18 | D:1      | Noticed a felid
    18 | D:1      | Noticed a human
    20 | D:1      | Noticed a demonspawn
    20 | D:1      | Noticed a minotaur
    22 | D:1      | Noticed a vampire
    22 | D:1      | Noticed a demigod
    24 | D:1      | Noticed a gargoyle
    24 | D:1      | Noticed a ghoul
    26 | D:1      | Noticed a troll
   361 | D:1      | Reached XP level 2. HP: 12/21 MP: 0/0
   733 | D:1      | Found a faded altar of an unknown god.
   945 | D:1      | Reached XP level 3. HP: 14/25 MP: 0/0
   945 | D:1      | Learned a level 1 spell: Apportation
  1631 | D:2      | Reached skill level 4 in Spellcasting
  1916 | D:2      | Reached XP level 4. HP: 26/31 MP: 0/0
  3247 | D:4      | Reached XP level 5. HP: 32/35 MP: 0/0
  3247 | D:4      | Learned a level 2 spell: Searing Ray
  3638 | D:4      | Reached XP level 6. HP: 27/40 MP: 0/0
  3641 | D:4      | Reached skill level 5 in Spellcasting
  3802 | D:4      | Noticed an ogre
  3806 | D:4      | Killed an ogre
  3829 | D:4      | Noticed Blork the orc
  3892 | D:3      | Slain by a gnoll

Illustrated notes

Levels and vault maps discovered:
D:1:      kb_arrival_jail, layout_basic, hellmonk_ecumenical_altar_dog_temple,
          chequers_jeans
D:2:      layout_loops_ring
D:3:      layout_loops_ring, uniq_ijyb
D:4:      layout_loops_corners, nicolae_shop_unique_rings,
          kennysheep_nondescript, chequers_serial_rivers_room_a, minmay_cut_off,
          uniq_crazy_yiuf_cottage, uniq_blork_the_orc

Skill      XL: |  1  2  3  4  5  6 |
---------------+-------------------+-----
Spellcasting   | 4 5 |  5.4
Stealth        | 2 |  2.3
Fighting       | |  0.5
Dodging        | |  2.8

Action                   |  1- 3 |  4- 6 || total
-------------------------+-------+-------++-------
Melee: Unarmed           |     2 |     2 ||     4
 Cast: Freeze            |    56 |    52 ||   108
       Searing Ray       |       |     9 ||     9
       Frozen Ramparts   |       |     2 ||     2
Armor: Robe              |     5 |     4 ||     9
Dodge: Dodged            |    32 |    21 ||    53
